 Dungeon Crawl Stone Soup version 0.16-a0-3219-g20c30b8 (webtiles) character file.

199718 PolkaDot the Convoker (level 17, -9/140 HPs)
             Began as a Vampire Summoner on Dec 20, 2014.
             Was the Champion of Sif Muna.
             Mangled by a vault warden
             ... wielding a +0 long sword
              (31 damage)
             ... on level 2 of the Vaults on Dec 21, 2014.
             The game lasted 06:46:28 (54970 turns).

PolkaDot the Convoker (Vampire Summoner)           Turns: 54970, Time: 06:46:28

Health: -9/140     AC: 17    Str:  7    XL:     17   Next: 85%
Magic:  12/30      EV: 19    Int: 22    God:    Sif Muna [******]
Gold:   3943       SH:  0    Dex: 17    Spells: 8 memorised, 3 levels left

rFire  + . .     SeeInvis +     a - +6 lajatang (drain)
rCold  + . .     Clarity  +     G - +3 troll leather armour
rNeg   + + .     SustAb   .     (no shield)
rPois  +         Gourm    .     U - +3 crown of Dyrovepreva {rElec Int+2 SInv}
rElec  +         Spirit   .     R - +1 cloak
rCorr  .         Warding  .     X - +2 pair of gloves {Dex+3}
rMut   .         Stasis   .     s - +2 pair of boots {Stlth+}
MR     +....                    V - amulet of regeneration
Stlth  +++++.....               d - ring of protection from fire
                                v - ring of wizardry

@: about to teleport, very slightly contaminated, regenerating slowly, hasted,
deflect missiles, very quick, somewhat resistant to hostile enchantments, quite
stealthy
A: bottle blood, fangs 3, hooves 1, see invisible, clarity, deformed body, dopey
1, poison resistance, robust 1, unbreathing
a: Bat Form, Channel Energy, Forget Spell, Renounce Religion
}: 1/15 runes: gossamer


You were on level 2 of the Vaults.
You worshipped Sif Muna.
Sif Muna was exalted by your worship.
You were thirsty.

You visited 7 branches of the dungeon, and saw 36 of its levels.
You visited the Abyss 2 times.
You also visited: Labyrinth, Sewer, Ossuary, Bailey, Ice Cave and Volcano.

You collected 4158 gold pieces.
You spent 215 gold pieces at shops.

Inventory:

Hand weapons
 a - a +6 lajatang of draining (weapon)
Missiles
 e - 4 throwing nets (quivered)
Armour
 f - the +3 buckler of Impressiveness {Int+2 Dex+3}
   (You acquired it on level 3 of the Spider Nest)

   It affects your intelligence (+2).
   It affects your dexterity (+3).
 s - a +2 pair of boots of stealth (worn)
 G - a +3 troll leather armour (worn)
 R - a +1 cloak (worn)
 U - the +3 crown of Dyrovepreva (worn) {rElec Int+2 SInv}
   (You found it on level 1 of the Spider Nest)

   It affects your intelligence (+2).
   It insulates you from electricity.
   It enhances your eyesight.
 X - a +2 pair of gloves of dexterity (worn)
Magical staves
 b - an uncursed staff of energy
Jewellery
 d - a ring of protection from fire (right hand)
 v - a ring of wizardry (left hand)
 V - an amulet of regeneration (around neck)
Magical devices
 c - a wand of invisibility (0)
 r - a wand of paralysis (3)
 w - a wand of hasting (5)
 D - a wand of heal wounds (0)
 E - a wand of teleportation (4)
 F - a wand of disintegration (12)
 I - a wand of draining (1)
 K - a wand of fire (9)
 O - a wand of lightning (0)
Scrolls
 m - 4 scrolls of amnesia
 o - 13 scrolls of remove curse
 t - a scroll of recharging
 u - a scroll of immolation
 H - 2 scrolls of identify
 N - a scroll of enchant weapon
 P - 6 scrolls of fog
Potions
 h - 7 potions of ambrosia
 i - a potion of resistance
 j - 3 potions of lignification
 k - 9 potions of blood {@*1}
 l - a potion of agility
 q - 4 potions of cure mutation {!q}
 x - 4 potions of curing
 y - 3 potions of magic
 z - a potion of restore abilities
 B - 2 potions of cancellation
 S - a potion of brilliance
 Y - 2 potions of flight
Books
 g - Sif Muna's Incunabulum of the Escort and Lightness {god gift}
   (Sif Muna gifted it to you on level 2 of the Orcish Mines)

   Spells                             Type                      Level
   a - Call Imp                       Summoning                    2
   b - Static Discharge               Conjuration/Air              3
   c - Summon Lightning Spire         Summoning/Air                4
   d - Summon Demon                   Summoning                    5
   e - Freezing Cloud                 Conjuration/Ice/Air          6
 p - a book of the Dragon

   Spells                             Type                      Level
   a - Flight                         Charms/Air                   3
   b - Cause Fear                     Hexes                        4
   c - Bolt of Fire                   Conjuration/Fire             6
   d - Dragon Form                    Transmutation                7
   e - Dragon's Call                  Summoning                    9
 A - a book of Necromancy

   Spells                             Type                      Level
   a - Pain                           Necromancy                   1
   b - Animate Skeleton               Necromancy                   1
   c - Vampiric Draining              Necromancy                   3
   d - Regeneration                   Charms/Necromancy            3
   e - Animate Dead                   Necromancy                   4
   f - Control Undead                 Necromancy                   4
 L - Sif Muna's Incunabulum of Calling {god gift}
   (Sif Muna gifted it to you on level 2 of the Vaults)

   Spells                             Type                      Level
   a - Summon Butterflies             Summoning                    1
   b - Summon Small Mammal            Summoning                    1
   c - Call Imp                       Summoning                    2
   d - Abjuration                     Summoning                    3
   e - Forceful Dismissal             Summoning                    6
   f - Monstrous Menagerie            Summoning                    6
 M - a book of Death

   Spells                             Type                      Level
   a - Corpse Rot                     Necromancy                   2
   b - Sublimation of Blood           Necromancy                   2
   c - Agony                          Necromancy                   5
   d - Dispel Undead                  Necromancy                   5
   e - Excruciating Wounds            Charms/Necromancy            5
   f - Bolt of Draining               Conjuration/Necromancy       5
 T - a book of Enchantments

   Spells                             Type                      Level
   a - Tukima's Dance                 Hexes                        3
   b - Cause Fear                     Hexes                        4
   c - Silence                        Hexes/Air                    5
   d - Deflect Missiles               Charms/Air                   6
   e - Haste                          Charms                       6
   f - Discord                        Hexes                        8
 Z - a Necronomicon {highlevel}

   This book is beyond your current level of understanding.

   Spells                             Type                      Level
   a - Haunt                          Necromancy/Summoning         7
   b - Borgnjor's Revivification      Necromancy                   8
   c - Death's Door                   Charms/Necromancy            8
   d - Necromutation                  Transmutation/Necromancy     8


   Skills:
 - Level 10.0 Fighting
   Level 3.2 Short Blades
   Level 6.3(11.6) Polearms
 - Level 13.7(14.1) Staves
 - Level 4.0 Armour
 + Level 11.5 Dodging
 - Level 5.9 Stealth
 + Level 6.9 Spellcasting
 - Level 5.9 Hexes
 - Level 5.4 Charms
 - Level 16.1 Summonings
 * Level 9.1 Necromancy
 - Level 2.0 Translocations
 - Level 5.2 Ice Magic
 - Level 6.0 Air Magic
 - Level 5.1 Invocations


You had 3 spell levels left.
You knew the following spells:

 Your Spells              Type           Power        Failure   Level  Hunger
a - Apportation           Tloc           ###.......   1%          1    None
d - Call Canine Familiar  Summ           ######..     1%          3    None
g - Summon Guardian Gole  Hex/Summ       ######..     1%          4    ###....
i - Summon Ice Beast      Ice/Summ       ######..     1%          4    ###....
q - Blink                 Tloc           N/A          3%          2    None
r - Regeneration          Chrm/Necr      #####.....   1%          3    None
D - Deflect Missiles      Chrm/Air       ####......   73%         6    ######.
F - Flight                Chrm/Air       ####......   1%          3    None


Dungeon Overview and Level Annotations

Branches:
Dungeon (15/15)            Temple (1/1) D:7            Lair (8/8) D:9
 Shoals (1/5) Lair:6       Spider (5/5) Lair:4        Slime (0/6) Lair:6
    Orc (4/4) D:9             Elf (0/3) Orc:3        Vaults (2/5) D:13
 Depths (0/5) D:15
  Crypt: Vaults:2-3

Altars:
Ashenzari
Cheibriados
Dithmenos
Elyvilon
Fedhas
Gozag
Kikubaaqudgha
Makhleb
Nemelex Xobeh
Okawaru
Qazlal
Ru
Sif Muna
Trog
Vehumet
Xom
Yredelemnul
Zin
The Shining One
Beogh
Lugonu

Shops:
D:4 }[==   D:5 [   D:6 %   Orc:4 (([(   Vaults:2 [

Annotations:
D:8 Erolcha
Spider:5 Mara
Vaults:1 exclusion: door


Innate Abilities, Weirdness & Mutations

You heal slowly.
You can bottle blood from corpses.
You have razor-sharp teeth.
You have supernaturally acute eyesight.
You can survive without breathing.
You have large cloven feet.
You possess an exceptional clarity of mind.
Armour fits poorly on your strangely shaped body.
You are dopey. (Int -2)
Your system is resistant to poisons.
You are robust (+10% HP).


Message History

The stone giant misses you.
Read which item? (? for menu, Esc to quit)
Forget which spell ([?*] list [ESC] exit)?
Forget which spell ([?*] list [ESC] exit)?
Okay, then.
Unknown command.
Read which item? (? for menu, Esc to quit)
Forget which spell ([?*] list [ESC] exit)?
Forget which spell ([?*] list [ESC] exit)?
Okay, then.
Unknown command.
Read which item? (? for menu, Esc to quit)
As you read the scroll of summoning, it crumbles to dust.
Wisps of shadow whirl around you...
The ironbrand convoker closely misses you.
The deep elf summoner hits your ice beast with a long sword.
Your ice beast hits the deep elf summoner.
Your ice beast freezes the deep elf summoner!!
The vault warden hits you with a long sword!!
You die...

##'##### ### ....p #...# ..# ..Z.
#.(.# ..' ... ##..# ####'# Z
###.# ..#e' .##.# .#e# ..#.# #.Y#
.#..# #Cp# #)/.#
#######Y@################ ....#
......hpYCo.............. ######
.......eCZ..o............ h....#
........................(
.....#.........o.....o.........))
.....#..........(..............).
.h...#.....#################†####
.....#.....# #....h.#
.....#.....# #......#


You could see 2 stone giants, a vault warden, a deep elf knight (invisible), a
deep elf summoner, an ironbrand convoker, a deep elf fighter, a friendly orc
knight, a friendly cyclops, a friendly warg, a friendly orc sorcerer
(wandering), a friendly orc warrior, 3 friendly ice beasts, a friendly human
simulacrum and a friendly orc (wandering).

Vanquished Creatures
  Rupert (Spider:3)
  An orc warlord (Orc:4)
  A frost giant (IceCv)
  3 vault wardens (Vaults:1)
  2 ghost moths
  An emperor scorpion (Spider:5)
  A deep elf annihilator (Vaults:1)
  A deep elf demonologist (Vaults:1)
  A deep elf death mage (Vaults:2)
  A vault guard (Vaults:1)
  3 ironheart preservers
  A yaktaur captain (Vaults:1)
  An ice dragon (Vaults:1)
  Nessos (D:14)
  4 centaur warriors
  4 hydras
  Erica (D:12)
  2 ogre magi
  Urug (Orc:3)
  10 death yaks
  An orc high priest (Orc:4)
  Nergalle (Orc:3)
  2 catoblepae (Lair:6)
  2 flayed ghosts (Vaults:2)
  2 skeletal warriors (Vaults:2)
  3 deep elf knights
  6 deep trolls
  A sea snake (Shoals:1)
  2 giant orange brains (Vaults:1)
  An unseen horror (D:12)
  An ice statue (IceCv)
  2 wizards
  A deep elf summoner (Vaults:2)
  5 hill giants
  A wolf spider zombie (D:15)
  4 harpies (Vaults:1)
  9 orc knights
  9 cyclopes
  2 griffons
  5 ironbrand convokers
  An orb spider (Spider:2)
  A deep elf conjurer (Vaults:1)
  6 red wasps
  4 ugly things
  A draconian (shapeshifter) (D:15)
  A guardian serpent (Lair:8)
  3 orc sorcerers
  A moth of wrath (Spider:3)
  12 wolf spiders
  3 manticores
  A molten gargoyle (Volcano)
  Maurice (Orc:2)
  5 elephants (Lair:6)
  3 vault sentinels
  Joseph (D:7)
  2 centaur skeletons
  3 gargoyles
  11 spiny frogs
  3 torpor snails
  8 komodo dragons
  Psyche (Orc:4)
  A kobold demonologist (D:14)
  An octopode (shapeshifter) (Vaults:2)
  5 black mambas
  5 yaktaurs
  13 demonic crawlers
  A komodo dragon (shapeshifter) (Vaults:1)
  2 trolls
  5 deep elf priests
  A merfolk (Shoals:1)
  3 fire drakes
  A centaur simulacrum (D:15)
  7 wandering mushrooms
  15 polar bears
  21 jumping spiders
  8 slime creatures
  A trapdoor spider zombie (D:11)
  5 two-headed ogres
  2 blink frogs (Lair:7)
  3 basilisks
  9 trapdoor spiders
  4 boulder beetles
  2 deep elf magi
  18 redbacks
  4 wraiths
  Eustachio (D:7)
  5 vampire mosquitoes
  A yaktaur simulacrum (Vaults:1)
  10 hippogriffs
  2 steam dragons (Lair:8)
  A hog (shapeshifter) (Vaults:1)
  4 deep elf fighters
  Grum (D:13)
  9 tarantellas
  57 yaks
  6 wargs
  2 hungry ghosts
  9 wyverns
  24 wolves
  A red wasp simulacrum (Vaults:1)
  4 mottled dragons
  13 water moccasins
  13 spiders
  A swamp drake (Lair:8)
  11 porcupines
  6 sky beasts
  36 orc warriors
  2 ice beasts
  2 eyes of draining
  An eye of draining (shapeshifter) (Vaults:1)
  A phantom (D:10)
  A black bear (D:7)
  11 ogres
  4 yellow wasps
  A boring beetle (Lair:5)
  6 boggarts
  11 centaurs
  8 crocodiles
  A brain worm (D:13)
  A big kobold (D:12)
  Blork the orc (D:6)
  23 giant frogs
  A gnoll sergeant (D:11)
  A warg zombie (Vaults:2)
  6 scorpions
  5 killer bees
  A human simulacrum (Vaults:2)
  5 electric eels
  13 wights
  A jelly (D:9)
  3 crimson imps
  3 goliath beetles
  A giant frog zombie (D:7)
  A gnoll shaman (D:7)
  2 centaur zombies
  19 hounds
  37 orc priests
  A quasit (D:8)
  2 giant frog skeletons
  7 iguanas
  27 orc wizards
  8 worker ants
  A hell rat (D:11)
  31 sheep
  3 big kobold zombies (Ossuary)
  Ijyb (D:7)
  A hound zombie (D:6)
  A hound skeleton (D:6)
  3 mummies (Ossuary)
  9 gnolls
  29 adders
  78 river rats
  7 shadow imps
  12 white imps (Lair:7)
  A giant mite (D:3)
  2 worms
  An adder zombie (D:9)
  An orc zombie (Vaults:2)
  An adder skeleton (D:5)
  7 giant geckos
  4 oozes
  172 orcs
  A bat zombie (D:6)
  8 giant cockroaches
  A gnoll zombie (Ossuary)
  18 hobgoblins
  5 jackals
  11 quokkas
  4 river rat zombies (D:11)
  7 ball pythons
  9 bats
  5 giant newts
  16 goblins
  A goblin zombie (Ossuary)
  2 hobgoblin zombies (Ossuary)
  26 kobolds
  A kobold zombie (Ossuary)
  27 rats
  A rat zombie (D:11)
  A spectral orc (Orc:3)
  2 ballistomycetes (D:9)
  A plant (Lair:8)
1257 creatures vanquished.

Vanquished Creatures (collateral kills)
  A fire giant (D:15)
  Louise (D:14)
  An emperor scorpion (Spider:5)
  Gastronok (Orc:1)
  2 deep elf demonologists (Vaults:2)
  3 fire dragons
  A minotaur (Lab)
  Harold (D:12)
  2 ironheart preservers
  11 hydras
  A centaur warrior (D:15)
  7 death yaks
  A small abomination (Vaults:2)
  A catoblepas (Lair:6)
  2 fire crabs
  2 skeletal warriors (Vaults:2)
  An ice statue (Lair:4)
  An orc knight (Vaults:1)
  2 deep trolls (Vaults:1)
  16 ugly things
  An ironbrand convoker (Vaults:1)
  5 red wasps
  10 orb spiders
  A deep elf conjurer (Vaults:2)
  An orc sorcerer (Vaults:2)
  11 oklob plants (Lair:1)
  23 wolf spiders
  A moth of wrath (Spider:1)
  2 black mambas (Lair:4)
  3 griffons
  3 elephants (Lair:6)
  A centaur zombie (D:15)
  A molten gargoyle (Volcano)
  2 torpor snails
  6 spiny frogs
  2 fire drakes
  7 komodo dragons
  4 yaktaurs (Vaults:1)
  3 demonic crawlers
  A troll (D:10)
  2 merfolk (Shoals:1)
  A deep elf priest (Vaults:2)
  A freezing wraith (Lair:4)
  17 jumping spiders
  5 polar bears
  Grinder (D:5)
  3 two-headed ogres (Vaults:2)
  2 boulder beetles
  A snapping turtle (Shoals:1)
  9 slime creatures
  22 redbacks
  14 blink frogs
  The ghost of GlassGo the Chiller, an average OpIE (D:4)
  5 trapdoor spiders
  13 tarantellas
  A vampire mosquito (D:13)
  4 basilisks
  A deep elf mage (Vaults:1)
  2 hippogriffs
  A wraith (Vaults:1)
  10 wargs
  41 yaks
  A hungry ghost (D:15)
  A neqoxec (Vaults:2)
  A mottled dragon (D:15)
  Edmund (D:9)
  Menkaure (D:5)
  22 wolves
  5 water moccasins
  A soldier ant (D:9)
  11 spiders
  7 orc warriors
  A porcupine (Lair:1)
  35 ice beasts
  3 black bears
  3 yellow wasps
  A crocodile (Lair:8)
  3 ogres
  9 centaurs
  5 big kobolds
  A gnoll sergeant (D:7)
  4 giant frogs
  3 scorpions
  2 electric eels (Spider:2)
  3 killer bees (D:12)
  2 wights (D:9)
  7 orc wizards
  6 hounds
  4 jellies
  A crimson imp (D:8)
  6 orc priests
  Natasha (thrice) (D:3)
  10 sheep
  7 worker ants
  3 iguanas
  14 adders
  5 gnolls
  28 river rats
  3 white imps (Lair:4)
  A giant mite (D:3)
  6 worms
  A shadow imp (D:7)
  3 giant geckos
  5 oozes
  31 orcs
  2 bats
  9 hobgoblins
  2 jackals (D:3)
  13 kobolds
  3 quokkas
  4 giant cockroaches
  8 goblins
  13 rats
  4 river rat zombies (D:11)
  A spectral orc (D:3)
  A crawling corpse (Vaults:2)
  A fungus (Lair:7)
  4 plants
638 creatures vanquished.

Vanquished Creatures (others)
  A ghost moth (Spider:5)
  2 emperor scorpions
  An ogre mage (Vaults:2)
  A death yak (IceCv)
  A skeletal warrior (Vaults:2)
  3 ugly things
  4 wolf spiders
  A vault sentinel (Vaults:2)
  A demonic crawler (Spider:1)
  2 yaktaurs
  A freezing wraith (Vaults:1)
  3 polar bears
  2 jumping spiders
  2 trapdoor spiders (Spider:5)
  A shadow (D:15)
  54 guardian golems
  6 yaks
  33 wargs
  A steam dragon (Lair:8)
  56 wolves
  An ogre (Vaults:2)
  2 spiders (Spider:5)
  A crocodile (Lair:6)
  2 lost souls (Vaults:2)
  267 ice beasts
  A scorpion (Spider:5)
  37 hounds
  11 crimson imps
  An iguana (Lair:8)
  An adder (Lair:6)
  13 white imps
  6 shadow imps
  A hobgoblin (D:9)
  A quokka (D:1)
  A giant spore (D:9)
  14 fungi
  7 plants
543 creatures vanquished.

Grand Total: 2438 creatures vanquished

Notes
Turn   | Place    | Note
--------------------------------------------------------------
     0 | D:1      | PolkaDot, the Vampire Summoner, began the quest for the Orb.
     0 | D:1      | Reached XP level 1. HP: 13/13 MP: 3/3
   375 | D:1      | Reached skill level 1 in Fighting
   813 | D:1      | Reached XP level 2. HP: 7/21 MP: 0/4
   821 | D:1      | Learned a level 2 spell: Call Imp
  1239 | D:2      | Found a sparkling altar of Nemelex Xobeh.
  1801 | D:2      | Reached XP level 3. HP: 24/28 MP: 1/6
  1806 | D:2      | Learned a level 3 spell: Call Canine Familiar
  2307 | D:3      | Reached skill level 1 in Short Blades
  2328 | D:3      | Noticed Natasha
  2330 | D:3      | Killed Natasha
  2349 | D:3      | Reached XP level 4. HP: 23/34 MP: 3/7
  2411 | D:3      | Found a white marble altar of Elyvilon.
  2448 | D:3      | Found a basalt altar of Yredelemnul.
  2541 | D:3      | Found a glowing drain.
  2583 | Sewer    | Entered a sewer
  2816 | Sewer    | Noticed a big kobold
  2833 | Sewer    | Killed a big kobold
  2833 | Sewer    | Reached XP level 5. HP: 30/42 MP: 1/9
  3253 | Sewer    | Noticed a big kobold
  3290 | Sewer    | Killed a big kobold
  3665 | D:3      | Noticed Natasha
  3675 | D:3      | Killed Natasha
  3675 | D:3      | Reached XP level 6. HP: 38/49 MP: 0/10
  3699 | D:3      | Noticed Natasha
  3703 | D:3      | Killed Natasha
  4045 | D:4      | Found Pniff's Jewellery Shop.
  4106 | D:4      | Noticed GlassGo's ghost (average OpIE)
  4116 | D:4      | Found a glowing golden altar of the Shining One.
  4132 | D:4      | Killed GlassGo's ghost
  4132 | D:4      | Reached skill level 5 in Fighting
  4556 | D:4      | Reached skill level 6 in Fighting
  4556 | D:4      | Reached XP level 7. HP: 58/58 MP: 2/12
  4562 | D:4      | Learned a level 4 spell: Summon Ice Beast
  4636 | D:4      | Found Cinurouti's Gadget Boutique.
  5107 | D:4      | Found Tryxam's Antique Armour Shoppe.
  5116 | D:4      | Bought a pair of glowing gloves for 94 gold pieces
  5126 | D:4      | Found Oqaumau's Jewellery Boutique.
  5736 | D:5      | Entered Level 5 of the Dungeon
  5739 | D:5      | Noticed Menkaure
  5758 | D:5      | Gained mutation: You are dopey. (Int -2) [potion of mutation]
  5758 | D:5      | Gained mutation: You have large cloven feet. [potion of mutation]
  5758 | D:5      | Gained mutation: You are robust (+10% HP). [potion of mutation]
  5764 | D:5      | Killed Menkaure
  5865 | D:5      | Found a sand-covered staircase.
  5898 | Ossuary  | Entered an ossuary
  6335 | D:5      | Found Cueklept's Antique Armour Emporium.
  6372 | D:5      | Noticed Grinder
  6408 | D:5      | Killed Grinder
  6408 | D:5      | Reached skill level 7 in Fighting
  6408 | D:5      | Reached skill level 5 in Summonings
  6719 | D:5      | Reached XP level 8. HP: 26/73 MP: 13/13
  6745 | D:5      | Bought a pair of embroidered boots for 121 gold pieces
  7003 | D:6      | Found Brakh's Food Emporium.
  7029 | D:6      | Found a stormy altar of Qazlal.
  7362 | D:6      | Reached skill level 8 in Fighting
  7545 | D:6      | Noticed Blork the orc
  7567 | D:6      | Killed Blork the orc
  7947 | D:6      | Found a sacrificial altar of Ru.
  8160 | D:7      | Noticed Ijyb
  8181 | D:7      | Killed Ijyb
  8206 | D:7      | Noticed Joseph
  8659 | D:7      | Killed Joseph
  8884 | D:7      | Reached skill level 9 in Fighting
  8884 | D:7      | Reached XP level 9. HP: 72/83 MP: 5/14
  9187 | D:7      | Noticed Eustachio
  9309 | D:7      | Found a staircase to the Ecumenical Temple.
  9355 | D:7      | Killed Eustachio
  9392 | Temple   | Entered the Ecumenical Temple
 10099 | D:7      | Reached skill level 10 in Fighting
 10169 | D:8      | Identified a scroll of acquirement
 10170 | D:8      | Got a pair of smoking gloves
 10181 | D:8      | Identified the -3 pair of gloves "Etty" {rPois rCorr Str+3 Dex+4} (You acquired it on level 8 of the Dungeon)
 10246 | D:8      | Reached skill level 5 in Dodging
 10290 | D:8      | Found a flagged portal.
 10306 | Bailey   | Entered a bailey
 10703 | D:8      | Noticed Erolcha
 10725 | D:8      | Reached skill level 1 in Polearms
 11005 | D:9      | Noticed Edmund
 11146 | D:9      | Killed Edmund
 11196 | D:9      | Found a deep blue altar of Sif Muna.
 11199 | D:9      | Became a worshipper of Sif Muna the Loreminder
 11232 | D:9      | Reached XP level 10. HP: 63/93 MP: 16/16
 11239 | D:9      | Reached skill level 1 in Ice Magic
 11671 | D:9      | Found a staircase to the Orcish Mines.
 11892 | D:9      | Learned a level 3 spell: Flight
 12129 | D:9      | Noticed a fire drake
 12130 | D:9      | Found a staircase to the Lair.
 12145 | D:9      | Killed a fire drake
 12415 | D:9      | Acquired Sif Muna's first power
 12798 | D:10     | Entered Level 10 of the Dungeon
 13011 | Lair:1   | Entered Level 1 of the Lair of Beasts
 13025 | Lair:1   | Noticed a seven-headed hydra
 13034 | Lair:1   | Killed a seven-headed hydra
 13096 | Lair:1   | Noticed a six-headed hydra
 13146 | Lair:1   | Killed a six-headed hydra
 13330 | Lair:1   | Reached skill level 5 in Ice Magic
 13516 | Lair:1   | Acquired Sif Muna's second power
 13517 | Lair:1   | Reached skill level 1 in Charms
 13918 | Lair:1   | Noticed an oklob plant
 13946 | Lair:1   | Noticed an oklob plant
 13946 | Lair:1   | Killed an oklob plant
 13950 | Lair:1   | Noticed an oklob plant
 13961 | Lair:1   | Killed an oklob plant
 13969 | Lair:1   | Killed an oklob plant
 13979 | Lair:1   | Noticed an oklob plant
 13999 | Lair:1   | Noticed an oklob plant
 14021 | Lair:1   | Killed an oklob plant
 14041 | Lair:1   | Killed an oklob plant
 14041 | Lair:1   | Reached XP level 11. HP: 99/99 MP: 17/17
 14044 | Lair:1   | Noticed an oklob plant
 14048 | Lair:1   | Noticed an oklob plant
 14063 | Lair:1   | Killed an oklob plant
 14070 | Lair:1   | Killed an oklob plant
 14072 | Lair:1   | Noticed an oklob plant
 14116 | Lair:1   | Killed an oklob plant
 14118 | Lair:1   | Noticed an oklob plant
 14129 | Lair:1   | Noticed an oklob plant
 14133 | Lair:1   | Killed an oklob plant
 14137 | Lair:1   | Noticed an oklob plant
 14140 | Lair:1   | Killed an oklob plant
 14171 | Lair:1   | Killed an oklob plant
 14171 | Lair:1   | Reached skill level 5 in Charms
 14185 | Lair:1   | Got a steaming robe
 14196 | Lair:1   | Identified the cursed +2 robe of Terror {Stlth+} (You found it on level 1 of the Lair of Beasts)
 14856 | Lair:2   | Reached skill level 1 in Air Magic
 15750 | Lair:3   | Upgraded the game from 0.16-a0-3215-g5dfac0e to 0.16-a0-3219-g20c30b8
 16063 | Lair:3   | Noticed a six-headed hydra
 16078 | Lair:3   | Killed a six-headed hydra
 16569 | Lair:3   | Noticed an eight-headed hydra
 16579 | Lair:3   | Killed an eight-headed hydra
 16579 | Lair:3   | Acquired Sif Muna's third power
 16579 | Lair:3   | Reached skill level 10 in Summonings
 17010 | Lair:4   | Noticed a five-headed hydra
 17018 | Lair:4   | Killed a five-headed hydra
 17018 | Lair:4   | Reached skill level 5 in Air Magic
 17079 | Lair:4   | Found a labyrinth entrance.
 17092 | Lab      | Entered a labyrinth
 17287 | Lab      | Noticed a minotaur
 17297 | Lab      | Killed a minotaur
 17297 | Lab      | Reached XP level 12. HP: 79/106 MP: 3/18
 17308 | Lab      | Got a smoking long sword
 17310 | Lab      | Identified the +5 long sword of Greatest Utility {slice, rElec} (You found it in a labyrinth)
 17662 | Lair:4   | Reached skill level 1 in Invocations
 17846 | Lair:4   | Reached skill level 10 in Dodging
 17955 | Lair:4   | Noticed a seven-headed hydra
 17959 | Lair:4   | Killed a seven-headed hydra
 17976 | Lair:4   | Noticed an ice statue
 18028 | Lair:4   | Learned a level 4 spell: Summon Guardian Golem
 18212 | Lair:4   | Killed an ice statue
 18212 | Lair:4   | Reached skill level 1 in Hexes
 18311 | Lair:4   | Got a bloodstained leather armour
 18322 | Lair:4   | Identified the +3 leather armour "Proifait" {rF+ Str+3} (You found it on level 4 of the Lair of Beasts)
 18500 | Lair:4   | Found a hole to the Spider Nest.
 18931 | Lair:4   | Noticed a seven-headed hydra
 18946 | Lair:4   | Killed a seven-headed hydra
 19116 | Lair:4   | Reached skill level 5 in Hexes
 19279 | Lair:4   | Reached skill level 11 in Summonings
 20369 | Lair:5   | Noticed a seven-headed hydra
 20375 | Lair:5   | Killed a seven-headed hydra
 20951 | Lair:5   | Reached XP level 13. HP: 55/113 MP: 12/21
 21458 | Lair:6   | Found a staircase to the Slime Pits.
 21468 | Lair:6   | Reached skill level 5 in Polearms
 21865 | Lair:6   | Found a staircase to the Shoals.
 22244 | Lair:6   | Reached skill level 5 in Invocations
 22872 | Lair:6   | Reached skill level 1 in Staves
 22872 | Lair:6   | Reached skill level 1 in Armour
 23421 | Lair:6   | Reached skill level 12 in Summonings
 23974 | Lair:7   | Found a frozen archway.
 24010 | IceCv    | Entered an ice cave
 24578 | IceCv    | Gained mutation: Your system is resistant to poisons. [potion of mutation]
 24578 | IceCv    | Gained mutation: You possess an exceptional clarity of mind. [potion of mutation]
 24822 | IceCv    | Reached skill level 5 in Staves
 25208 | IceCv    | Reached XP level 14. HP: 106/121 MP: 22/22
 25353 | IceCv    | Noticed a frost giant
 25733 | IceCv    | Killed a frost giant
 25733 | IceCv    | Received a gift from Sif Muna
 25734 | IceCv    | Identified Sif Muna's Catalogue of the Snowflakes {god gift} (Sif Muna gifted it to you in an ice cave)
 25751 | IceCv    | Identified the Collected Works on the Ensnaring Frostbite
 26219 | Lair:7   | Got a slimy falchion
 26220 | Lair:7   | Identified the cursed +1 falchion "Grets" {flame, rPois} (You found it on level 7 of the Lair of Beasts)
 26618 | Lair:7   | Reached skill level 5 in Stealth
 27984 | Lair:8   | Entered Level 8 of the Lair of Beasts
 27985 | Lair:8   | Reached skill level 13 in Summonings
 31631 | D:10     | Found an opulent altar of Gozag.
 32220 | D:11     | Reached XP level 15. HP: 105/126 MP: 23/23
 32700 | D:12     | Noticed Erica
 32708 | D:12     | Killed Erica
 32764 | D:12     | Noticed Harold
 32781 | D:12     | Killed Harold
 32799 | D:12     | Reached skill level 10 in Staves
 32877 | D:12     | Learned a level 3 spell: Regeneration
 33235 | D:13     | Noticed Grum
 33306 | D:13     | Killed Grum
 33397 | D:13     | Reached skill level 1 in Necromancy
 33574 | D:13     | Found a gate to the Vaults.
 33658 | D:13     | Reached skill level 14 in Summonings
 34696 | D:14     | Noticed Louise
 34716 | D:14     | Killed Louise
 34770 | D:14     | Noticed Nessos
 34785 | D:14     | Killed Nessos
 35359 | D:14     | Received a gift from Sif Muna
 35360 | D:14     | Identified Sif Muna's Incunabulum of Evil {god gift} (Sif Muna gifted it to you on level 14 of the Dungeon)
 35468 | D:15     | Entered Level 15 of the Dungeon
 36205 | D:15     | Found a staircase to the Depths.
 36218 | D:15     | Learned a level 1 spell: Apportation
 36281 | D:15     | Found a corrupted altar of Lugonu.
 37013 | Shoals:1 | Entered Level 1 of the Shoals
 37412 | Spider:1 | Entered Level 1 of the Spider Nest
 38040 | Spider:1 | Reached skill level 5 in Necromancy
 39180 | Spider:2 | Reached skill level 1 in Translocations
 39198 | Spider:2 | Reached XP level 16. HP: 46/134 MP: 17/24
 40380 | Spider:3 | Got a twisted buckler
 40387 | Spider:3 | Identified the +3 buckler of Impressiveness {Int+2 Dex+3} (You acquired it on level 3 of the Spider Nest)
 40484 | Spider:3 | Noticed Rupert
 40512 | Spider:3 | Killed Rupert
 41563 | Spider:3 | Learned a level 2 spell: Blink
 42761 | Spider:5 | Entered Level 5 of the Spider Nest
 42955 | Spider:5 | HP: 3/134 [disintegration (48)]
 43098 | Spider:5 | Noticed Mara
 43545 | Orc:1    | Entered Level 1 of the Orcish Mines
 43695 | Orc:1    | Noticed Gastronok
 43715 | Orc:1    | Killed Gastronok
 44348 | Spider:4 | Reached skill level 15 in Summonings
 45774 | Spider:5 | Got a gossamer rune of Zot
 46452 | Orc:2    | Noticed Maurice
 46473 | Orc:2    | Killed Maurice
 46569 | Orc:2    | Received a gift from Sif Muna
 46610 | Orc:2    | Identified Sif Muna's Incunabulum of the Escort and Lightness {god gift} (Sif Muna gifted it to you on level 2 of the Orcish Mines)
 46982 | Orc:3    | Found a dark tunnel.
 46992 | Volcano  | Entered a volcano
 47034 | Volcano  | Found a burning altar of Makhleb.
 47415 | Orc:3    | Found a staircase to the Elven Halls.
 47469 | Orc:3    | Found a radiant altar of Vehumet.
 47474 | Orc:3    | Paralysed by an orc sorcerer for 6 turns
 47540 | Orc:3    | Noticed Nergalle
 47559 | Orc:3    | Killed Nergalle
 47641 | Orc:3    | Noticed Urug
 47676 | Orc:3    | Killed Urug
 48072 | Orc:4    | Entered Level 4 of the Orcish Mines
 48116 | Orc:4    | Found a roughly hewn altar of Beogh.
 48244 | Orc:4    | Found a roughly hewn altar of Beogh.
 48477 | Orc:4    | Found a roughly hewn altar of Beogh.
 48502 | Orc:4    | Found Gudasma's Antique Weapon Shop.
 48601 | Orc:4    | Found a roughly hewn altar of Beogh.
 48620 | Orc:4    | Found Zeqajean's Antique Weapon Boutique.
 48681 | Orc:4    | Found a roughly hewn altar of Beogh.
 48701 | Orc:4    | Noticed Psyche
 48725 | Orc:4    | Killed Psyche
 48732 | Orc:4    | Found a roughly hewn altar of Beogh.
 49136 | Orc:4    | Found a roughly hewn altar of Beogh.
 49137 | Orc:4    | Found Nantos' Antique Weapon Emporium.
 49161 | Orc:4    | Found Wyraodis' Antique Armour Shoppe.
 49478 | Vaults:1 | Entered Level 1 of the Vaults
 49781 | Vaults:1 | Reached XP level 17. HP: 96/140 MP: 1/27
 50415 | Vaults:1 | Reached skill level 5 in Spellcasting
 50662 | Vaults:1 | Learned a level 6 spell: Deflect Missiles
 50908 | Vaults:1 | Cast into the Abyss (a deep elf demonologist)
 51089 | Vaults:1 | Escaped the Abyss
 51118 | Vaults:1 | Paralysed by you for 3 turns
 51336 | Vaults:1 | Paralysed by you for 3 turns
 51337 | Vaults:1 | Cast into the Abyss (an apocalypse crab)
 51422 | Vaults:1 | Escaped the Abyss
 51898 | Vaults:1 | Reached skill level 16 in Summonings
 52684 | Vaults:1 | Paralysed by a wizard for 7 turns
 53021 | Vaults:2 | Received a gift from Sif Muna
 53022 | Vaults:2 | Identified Sif Muna's Incunabulum of Calling {god gift} (Sif Muna gifted it to you on level 2 of the Vaults)
 53483 | Vaults:2 | Noticed an Ice Fiend
 53647 | Vaults:2 | Gained mutation: Armour fits poorly on your strangely shaped body. [a neqoxec]
 54087 | Vaults:2 | Found Shiwe's Armour Shop.
 54970 | Vaults:2 | Mangled by a vault warden

Action                   |  1- 3 |  4- 6 |  7- 9 | 10-12 | 13-15 | 16-18 || total
-------------------------+-------+-------+-------+-------+-------+-------++-------
Melee: Unarmed           |   120 |       |       |     3 |       |    18 ||   141
       Dagger            |    33 |   136 |       |       |       |       ||   169
       Spear             |       |    86 |   829 |   846 |       |       ||  1761
       Trident           |       |       |       |   261 |   157 |       ||   418
       Lajatang          |       |       |       |       |  2017 |  1606 ||  3623
 Cast: Summon Small Mamm |    12 |       |       |       |       |       ||    12
       Call Imp          |    16 |    37 |    67 |    16 |       |       ||   136
       Call Canine Famil |       |    13 |    33 |    54 |    64 |    84 ||   248
       Summon Ice Beast  |       |       |     8 |   200 |   263 |   340 ||   811
       Summon Guardian G |       |       |       |    11 |    28 |    51 ||    90
       Flight            |       |       |       |       |     7 |     7 ||    14
       Apportation       |       |       |       |       |     8 |    32 ||    40
       Regeneration      |       |       |       |       |     2 |    14 ||    16
       Deflect Missiles  |       |       |       |       |       |     3 ||     3
Invok: Channel Energy    |       |       |       |   286 |   355 |   592 ||  1233
 Abil: End Transformatio |       |       |     1 |     2 |     3 |     7 ||    13
       Bat Form          |       |       |     1 |     2 |     3 |     7 ||    13
Evoke: Wand              |       |       |     9 |       |    11 |    50 ||    70
  Use: Potion            |     5 |    28 |    31 |    61 |   111 |    99 ||   335
       Scroll            |     4 |     2 |    16 |    17 |    35 |    29 ||   103
 Stab: Distracted        |     2 |     2 |     8 |    10 |    16 |    24 ||    62
       Sleeping          |     4 |     4 |    21 |    14 |    50 |    40 ||   133
       Confused          |       |       |       |       |     2 |       ||     2
       Paralysed         |       |       |       |       |     6 |       ||     6
       Invisible         |       |       |       |       |       |     8 ||     8
  Eat: Corpse            |    11 |       |    12 |    13 |    28 |     2 ||    66
